 Dungeon Sprint DCSS version 0.30.1-1-g62c8e00024 (webtiles) character file.

Game seed: 3679882742319585310

1990 boopmooplesden the Stickfighter (level 15, 0/127 HPs)
             Began as a Demonspawn Gladiator on July 17, 2023.
             Was the Champion of Trog.
             Killed from afar by a naga warrior (4 damage)
             ... with a splash of poison
             ... in the Dungeon (Sprint VI: "Thunderdome").
             The game lasted 00:11:42 (1870 turns).

boopmooplesden the Stickfighter (DsGl)              Turns: 1870, Time: 00:11:43

Health: 0/127      AC: 26    Str: 30    XL:     15   Next: 47%
Magic:  0/6        EV: 17    Int: 23    God:    Trog [******]
Gold:   134        SH:  0    Dex: 21    Spells: 14/14 levels left

rFire   + + +        y - +9 quarterstaff of Unuimoleu {flame, Contam *Rage Str+6 SInv}
rCold   + + .        (shield currently unavailable)
rNeg    . . .        s - +0 chain mail
rPois   .            c - +0 helmet
rElec   .            t - +2 cloak of Wiud {rF+ rC++}
rCorr   .            z - +1 pair of gloves "Tufyqy" {Int+2 SInv}
SInv    +            x - +2 pair of boots "Asoori" {Int+3}
Will    +++++        q - amulet of Paitreof {Faith rC+ Will+ SInv}
Stlth   +++          r - ring of Peonuj {rF+ Str+3 Dex+6 Stlth+}
HPRegen 1.41/turn    p - ring "Xati" {Fire *Slow Will+++ MP-9 Int+8}
MPRegen 0.10/turn

%: no teleportation, random rage (20%), slow self (1%), faith
@: lethally poisoned (0 -> -2), strong-willed, regenerating, slowed, very slow
A: hooves 2, yellow scales 1, ignite blood 2, spiny 3
}: 2/15 runes: decaying, barnacled
a: Renounce Religion, Berserk, Trog's Hand, Brothers in Arms


You were in the Dungeon.
You worshipped Trog.
Trog was exalted by your worship.
You visited 1 branch You collected 2260 gold pieces.
You spent 2126 gold pieces at shops.

Inventory:

Hand Weapons
 a - a +0 quarterstaff
 u - the +3 quarterstaff "Voracious Worm's Wrath" {flame, rPois Str+5 Int-4 Stlth+}
   (Trog gifted it to you in the Dungeon)

   Str:       It affects your strength (+5).
   Int:       It affects your intelligence (-4).
   rPois:     It protects you from poison.
   Stlth:     It makes you more stealthy.
 v - a +9 quarterstaff of flaming
 w - a +3 lajatang of flaming
 y - the +9 quarterstaff of Unuimoleu (weapon) {flame, Contam *Rage Str+6 SInv}
   (Trog gifted it to you in the Dungeon)

   Str:       It affects your strength (+6).
   SInv:      It lets you see invisible.
   *Rage:     It berserks you when you make melee attacks (+20% chance).
   Contam:    It causes magical contamination when unequipped.
Missiles
 d - a throwing net (quivered)
 e - a javelin
Armour
 b - a +0 leather armour
 c - a +0 helmet (worn)
 s - a +0 chain mail (worn)
 t - the +2 cloak of Wiud (worn) {rF+ rC++}
   (You bought it in a shop in the Dungeon)

   rF:        It protects you from fire.
   rC:        It greatly protects you from cold.
 x - the +2 pair of boots "Asoori" (worn) {Int+3}
   (You bought it in a shop in the Dungeon)

   Int:       It affects your intelligence (+3).
 z - the +1 pair of gloves "Tufyqy" (worn) {Int+2 SInv}
   (You bought it in a shop in the Dungeon)

   Int:       It affects your intelligence (+2).
   SInv:      It lets you see invisible.
Jewellery
 p - the ring "Xati" (right hand) {Fire *Slow Will+++ MP-9 Int+8}
   (You bought it in a shop in the Dungeon)

   [ring of fire]

   It enhances your fire magic.
   Int:       It affects your intelligence (+8).
   rF:        It protects you from fire.
   rC:        It makes you vulnerable to cold.
   MP:        It affects your magic capacity (-9).
   *Slow:     It may slow you when you take damage.
   Will:      It greatly increases your willpower.
 q - the amulet of Paitreof (around neck) {Faith rC+ Will+ SInv}
   (You bought it in a shop in the Dungeon)

   [amulet of faith]

   It allows you to gain divine favour quickly.
   rC:        It protects you from cold.
   SInv:      It lets you see invisible.
   Will:      It increases your willpower.
 r - the ring of Peonuj (left hand) {rF+ Str+3 Dex+6 Stlth+}
   (You bought it in a shop in the Dungeon)

   [ring of dexterity]

   Str:       It affects your strength (+3).
   Dex:       It affects your dexterity (+6).
   rF:        It protects you from fire.
   Stlth:     It makes you more stealthy.
Wands
 m - a wand of quicksilver (4)
 n - a wand of roots (4)
Scrolls
 k - 3 scrolls of blinking
 o - 3 scrolls of fog
Potions
 h - 4 potions of haste
 i - 2 potions of magic
 j - a potion of berserk rage
 l - a potion of resistance


   Skills:
 + Level 14.6 Fighting
 + Level 17.1 Staves
 + Level 5.5 Throwing
 + Level 13.4 Armour
 + Level 10.8 Dodging
 + Level 10.6 Stealth
 + Level 4.8 Evocations


You had 14 spell levels left.
You didn't know any spells.
Your spell library was empty.

Dungeon Overview and Level Annotations

Branches:
Dungeon (1/1)

Altars:
Cheibriados
Dithmenos
Fedhas
Gozag
Kikubaaqudgha
Makhleb
Okawaru
Qazlal
Ru
Sif Muna
Trog
Uskayaw
Vehumet
Wu Jian
Xom
Yredelemnul
Lugonu

Shops:
D *[??*?*:[((!!!!


Innate Abilities, Weirdness & Mutations

You have hoof-like feet.
You are partially covered in yellow scales. (AC +2)
Your demonic aura often causes spilled blood to erupt in flames.
You are completely covered in sharp spines.


Message History

You feel sick.
The naga mage gestures at the naga warrior while chanting.
The naga warrior seems to grow toxic.
The mana viper is engulfed in blazing flames.
The mana viper is struck by your spines.
You kill the mana viper!
Trog accepts your kill.
Your troll bites the naga sharpshooter.
Your troll claws the naga sharpshooter but does no damage.
Your troll claws the naga sharpshooter!
The naga warrior is struck by your spines.
The naga warrior closely misses you.
The naga sharpshooter is engulfed in blazing flames.
The naga sharpshooter spits poison at you.
The splash of poison hits you but does no damage.
You are more poisoned.
Your Staves skill increases to level 17!
A naga warrior comes into view. It is wielding a +0 halberd.
The naga warrior shouts!
You bludgeon the naga sharpshooter!! You burn the naga sharpshooter.
The naga sharpshooter is almost dead.
You feel very sick.
Your troll is engulfed in blazing flames.
Your troll bites the naga sharpshooter!
The naga sharpshooter dies!
Trog accepts your kill.
Trog appreciates your killing of a magic user.
The naga warrior spits poison at you. The splash of poison misses you.
The naga warrior attacks as you move away!
The naga warrior hits you but does no damage.
You feel very sick.
Your troll is engulfed in blazing flames.
Your troll bites the naga warrior!
The naga warrior blocks your troll's attack.
Your troll claws the naga warrior.
The naga warrior spits poison at you. The splash of poison hits you.
You are more poisoned.
You die...

######.8.........8.######
##.___......###...)..__.∩##
##∩........8.# #[8........∩###
......).....[###)..).........##
.......†..###...###..........⌠#
......)...# #.<.# #N.........⌠#
.......†..###.))###))........⌠#
[............###)..[.........##
##∩........8.# #@8[.......∩###
##∩.__.....N###).)....__∩##
######.8.)....N○☼8.######
#⌠..)†...○T§.N# ###.........###
#_......._# #_.[....._#
#_......._# #∩.......∩#


You could see 2 naga warriors and a friendly troll (summoned, berserk).

Vanquished Creatures
  Ilsuiw (D)
  A fire dragon (D)
  An anaconda (D)
  A naga sharpshooter (D)
  A skyshark (D)
  An iron troll (D)
  A spriggan druid (D)
  2 swamp dragons (D)
  4 deep trolls (D)
  2 bog bodies (D)
  A lindwurm (D)
  A mana viper (D)
  A salamander (D)
  A black mamba (D)
  2 rime drakes (D)
  2 trolls (D)
  Edmund (D)
  2 water moccasins (D)
  4 floating eyes (D)
  A swamp drake (D)
  An ogre (D)
  9 dwarves (D)
  9 centaurs (D)
  4 scorpions (D)
  A hound (D)
  3 jellies (D)
  An orc wizard (D)
  4 adders (D)
  2 ball pythons (D)
  An endoplasm (D)
  3 giant cockroaches (D)
  2 goblins (D)
71 creatures vanquished.

Vanquished Creatures (collateral kills)
  A hydra (D)
  An alligator (D)
  A naga sharpshooter (D)
3 creatures vanquished.

Grand Total: 74 creatures vanquished

Notes
Turn   | Place    | Note
-------+----------+-------------------------------------------
     0 | D        | boopmooplesden the Demonspawn Gladiator began the quest for
                  | the Orb.
     0 | D        | Reached XP level 1. HP: 16/16 MP: 1/1
     3 | D        | Found a corrupted altar of Lugonu.
     3 | D        | Found an ancient bone altar of Kikubaaqudgha.
     4 | D        | Found a blossoming altar of Fedhas.
     5 | D        | Found a bloodstained altar of Trog.
     5 | D        | Round 1.
     6 | D        | Found a shadowy altar of Dithmenos.
     6 | D        | Found Jajol's Identification Station.
     7 | D        | Found Fitwatil's Jewellery.
     7 | D        | Found Mer Ach's Advanced Armour.
    14 | D        | Reached skill level 3 in Staves
    19 | D        | Bought a sparkling jade ring for 45 gold pieces
    19 | D        | Identified the ring "Xati" {Fire *Slow Will+++ MP-9 Int+8}
                  | (You bought it in a shop in the Dungeon)
    19 | D        | Bought a heavily runed ivory amulet for 45 gold pieces
    19 | D        | Identified the amulet of Paitreof {Faith rC+ Will+ SInv}
                  | (You bought it in a shop in the Dungeon)
    19 | D        | Bought a scorched turquoise ring for 45 gold pieces
    19 | D        | Identified the ring of Peonuj {rF+ Str+3 Dex+6 Stlth+} (You
                  | bought it in a shop in the Dungeon)
    31 | D        | Became a worshipper of Trog the Wrathful
    42 | D        | Found a shimmering altar of Xom.
    43 | D        | Found a sacrificial altar of Ru.
    43 | D        | Found a burning altar of Makhleb.
    44 | D        | Found an opulent altar of Gozag.
    45 | D        | Found Cefeklas's Do-It-Yourself Clinic.
    45 | D        | Found a radiant altar of Vehumet.
    45 | D        | Found a basalt altar of Yredelemnul.
    45 | D        | Found Rymeum's Distillery.
    46 | D        | Found Xeotriam's Bottled Wisdom.
    46 | D        | Found Efokokk's Distillery.
    50 | D        | Found an iron altar of Okawaru.
    51 | D        | Found an ornate altar of the Wu Jian Council.
    53 | D        | Found a snail-covered altar of Cheibriados.
    53 | D        | Found Yclung's Staff Store.
    53 | D        | Found Cuizen's Magic Scroll Shop.
    54 | D        | Found Saaco's Must-Have Magic.
    54 | D        | Found Awenoc's Magic Scroll Shop.
    64 | D        | Found a stormy altar of Qazlal.
    65 | D        | Found a hide-covered altar of Uskayaw.
    68 | D        | Found Akaalui's Premium Goods.
    69 | D        | Found Tackoe Zoxo's Miscellaneous Merchandise.
    69 | D        | Found Voefaumn's Basic Armour.
    70 | D        | Found a shimmering blue altar of Sif Muna.
    70 | D        | Found Vifoc's Weapon Rack.
   170 | D        | Reached * piety under Trog
   194 | D        | Gained mutation: You are partially covered in yellow
                  | scales. (AC +2) [demonic ancestry]
   194 | D        | Reached XP level 2. HP: 23/23 MP: 0/2
   200 | D        | Arena points: 5 (+5) [x1]
   215 | D        | Round 2.
   220 | D        | Noticed a scorpion
   221 | D        | Noticed a scorpion
   234 | D        | Noticed a scorpion
   235 | D        | Killed a scorpion
   236 | D        | Reached skill level 5 in Staves
   236 | D        | Reached skill level 1 in Armour
   236 | D        | Reached skill level 1 in Stealth
   236 | D        | Reached XP level 3. HP: 13/29 MP: 0/3
   236 | D        | Gained mutation: Your demonic aura sometimes causes spilled
                  | blood to erupt in flames. [demonic ancestry]
   236 | D        | Reached XP level 4. HP: 16/35 MP: 0/4
   239 | D        | Reached ** piety under Trog
   245 | D        | Killed a scorpion
   246 | D        | Reached skill level 6 in Staves
   246 | D        | Reached skill level 5 in Dodging
   254 | D        | Killed a scorpion
   255 | D        | Gained mutation: You are partially covered in sharp spines.
                  | [demonic ancestry]
   255 | D        | Reached XP level 5. HP: 20/43 MP: 0/5
   255 | D        | Reached *** piety under Trog
   303 | D        | Arena points: 33 (+28) [x2]
   304 | D        | Reached skill level 7 in Staves
   369 | D        | Round 3.
   412 | D        | Noticed Edmund
   426 | D        | Killed Edmund
   427 | D        | Reached skill level 5 in Fighting
   427 | D        | Reached skill level 8 in Staves
   427 | D        | Gained mutation: Your demonic aura often causes spilled
                  | blood to erupt in flames. [demonic ancestry]
   427 | D        | Reached XP level 6. HP: 38/51 MP: 0/6
   428 | D        | Reached **** piety under Trog
   461 | D        | Reached ***** piety under Trog
   461 | D        | Arena points: 96 (+63) [x3]
   462 | D        | Reached skill level 9 in Staves
   527 | D        | Round 4.
   532 | D        | Noticed a water moccasin
   538 | D        | Killed a water moccasin
   539 | D        | Reached XP level 7. HP: 48/59 MP: 0/7
   598 | D        | Received a gift from Trog
   598 | D        | Arena points: 208 (+112) [x4]
   599 | D        | Reached skill level 10 in Staves
   624 | D        | Bought a polished cloak for 332 gold pieces
   624 | D        | Identified the +2 cloak of Wiud {rF+ rC++} (You bought it
                  | in a shop in the Dungeon)
   648 | D        | Round 5.
   666 | D        | Noticed the 27-headed Lernaean hydra
   671 | D        | Noticed a bog body
   684 | D        | Noticed a bog body
   694 | D        | Killed a bog body
   695 | D        | Reached skill level 11 in Staves
   695 | D        | Reached skill level 5 in Armour
   695 | D        | Reached skill level 5 in Stealth
   695 | D        | Gained mutation: You have large cloven feet. [demonic
                  | ancestry]
   695 | D        | Reached XP level 8. HP: 62/67 MP: 0/8
   698 | D        | Killed a bog body
   698 | D        | Reached ****** piety under Trog
   698 | D        | Noticed a spriggan druid
   705 | D        | Noticed an alligator
   706 | D        | Killed a spriggan druid
   706 | D        | Identified the +3 quarterstaff "Voracious Worm's Wrath"
                  | {flame, rPois Str+5 Int-4 Stlth+} (Trog gifted it to you in
                  | the Dungeon)
   706 | D        | Received a gift from Trog
   707 | D        | Reached skill level 12 in Staves
   707 | D        | Reached skill level 1 in Evocations
   707 | D        | Gained mutation: You are mostly covered in sharp spines.
                  | [demonic ancestry]
   707 | D        | Reached XP level 9. HP: 27/75 MP: 0/9
   707 | D        | Noticed a four-headed hydra
   719 | D        | Killed a five-headed hydra
   720 | D        | Reached skill level 13 in Staves
   720 | D        | Reached skill level 5 in Throwing
   722 | D        | Killed an alligator
   757 | D        | Arena points: 238 (+30) [x1]
   758 | D        | Got a decaying rune of Zot
   946 | D        | Round 6.
   954 | D        | Noticed a deep troll
   954 | D        | Noticed a troll
   955 | D        | Noticed an iron troll
   955 | D        | Noticed a deep troll
   964 | D        | Noticed an iron troll
   971 | D        | Killed a deep troll
   972 | D        | Reached skill level 10 in Fighting
   976 | D        | Noticed a troll
   977 | D        | Killed a deep troll
   978 | D        | Reached skill level 14 in Staves
   978 | D        | Reached XP level 10. HP: 86/86 MP: 1/10
   992 | D        | Noticed a deep troll
   995 | D        | Killed an iron troll
   997 | D        | Noticed a deep troll
  1006 | D        | Killed a deep troll
  1010 | D        | Killed a deep troll
  1014 | D        | Received a gift from Trog
  1015 | D        | Reached skill level 15 in Staves
  1021 | D        | Arena points: 334 (+96) [x2]
  1031 | D        | Round 7.
  1040 | D        | Paralysed by a floating eye for 3 turns
  1057 | D        | Paralysed by a floating eye for 2 turns
  1062 | D        | Paralysed by a floating eye for 2 turns
  1066 | D        | Received a gift from Trog
  1096 | D        | Arena points: 502 (+168) [x3]
  1111 | D        | Round 8.
  1194 | D        | Reached skill level 10 in Armour
  1213 | D        | Received a gift from Trog
  1223 | D        | Arena points: 822 (+320) [x4]
  1238 | D        | Bought a scroll of brand weapon for 95 gold pieces
  1254 | D        | Bought a pair of encrusted boots for 332 gold pieces
  1254 | D        | Identified the +2 pair of boots "Asoori" {Int+3} (You
                  | bought it in a shop in the Dungeon)
  1283 | D        | Round 9.
  1299 | D        | Reached XP level 11. HP: 87/95 MP: 2/11
  1304 | D        | Identified the +9 quarterstaff of Unuimoleu {flame, Contam
                  | *Rage Str+6 SInv} (Trog gifted it to you in the Dungeon)
  1304 | D        | Received a gift from Trog
  1327 | D        | Arena points: 1272 (+450) [x5]
  1343 | D        | Bought a pair of pitted gloves for 332 gold pieces
  1343 | D        | Identified the +1 pair of gloves "Tufyqy" {Int+2 SInv} (You
                  | bought it in a shop in the Dungeon)
  1365 | D        | Round 10.
  1387 | D        | Noticed a skyshark
  1388 | D        | Noticed Ilsuiw
  1395 | D        | Killed a skyshark
  1407 | D        | Killed Ilsuiw
  1407 | D        | Received a gift from Trog
  1407 | D        | Arena points: 1902 (+630) [x7]
  1410 | D        | Got a barnacled rune of Zot
  1415 | D        | Reached skill level 16 in Staves
  1415 | D        | Gained mutation: You have hoof-like feet. [demonic
                  | ancestry]
  1415 | D        | Reached XP level 12. HP: 101/103 MP: 3/12
  1428 | D        | Bought 3 potions of experience for 900 gold pieces
  1428 | D        | Reached XP level 13. HP: 111/111 MP: 4/13
  1429 | D        | Reached skill level 10 in Dodging
  1429 | D        | Reached XP level 14. HP: 118/118 MP: 5/14
  1430 | D        | Gained mutation: You are completely covered in sharp
                  | spines. [demonic ancestry]
  1430 | D        | Reached XP level 15. HP: 124/124 MP: 6/15
  1614 | D        | Round 11.
  1712 | D        | Received a gift from Trog
  1731 | D        | Reached skill level 10 in Stealth
  1774 | D        | Arena points: 1990 (+88) [x1]
  1789 | D        | Round 12.
  1826 | D        | Received a gift from Trog
  1869 | D        | Reached skill level 17 in Staves
  1869 | D        | HP: 5/127 [poisoned by a naga sharpshooter (splash of
                  | poison)]
  1870 | D        | Killed from afar by a naga warrior

Illustrated notes

Levels and vault maps discovered:
D:        arena_sprint

Skill      XL: |  1  2  3  4  5  6  7  8  9 10 11 12 13 14 15 |
---------------+----------------------------------------------+-----
Staves         | 3 5 6 8 9 11 12 14 15 16 17 | 17.1
Dodging        | 3 4 5 6 7 8 9 10 | 10.8
Throwing       | 2 3 4 5 |  5.5
Fighting       | 3 4 5 6 7 8 10 11 12 13 14 | 14.6
Armour         | 1 2 3 4 5 6 8 10 11 13 | 13.4
Stealth        | 1 2 3 4 5 6 7 8 9 10 | 10.6
Evocations     | 1 2 3 4 |  4.8

Action                     |  1- 3 |  4- 6 |  7- 9 | 10-12 | 13-15 || total
---------------------------+-------+-------+-------+-------+-------++-------
  Melee: Quarterstaff      |    20 |    36 |    36 |    91 |    35 ||   218
         Kick              |       |       |     7 |    24 |       ||    31
  Throw: Throwing net      |       |     4 |       |       |       ||     4
 Invoke: Berserk           |       |     1 |     2 |       |       ||     3
         Brothers in Arms  |       |       |     3 |     1 |     1 ||     5
         Trog's Hand       |       |       |     2 |       |     1 ||     3
  Evoke: Wand              |       |       |     2 |       |       ||     2
    Use: Potion            |       |       |     1 |     3 |     5 ||     9
         Scroll            |       |       |     1 |     1 |       ||     2
   Stab: Distracted        |     1 |       |       |       |       ||     1
         Held in net/web   |       |     3 |       |       |       ||     3
         Confused          |       |       |       |     4 |       ||     4
 Armour: Leather armour    |     2 |     3 |       |       |       ||     5
         Chain mail        |       |       |    13 |    52 |    20 ||    85
  Dodge: Dodged            |    15 |    22 |    20 |    69 |    30 ||   156
